cohdb
Replays
Latest Replays
All Replays
Popular Replays
Top Player Replays
Match Explorer
How It Works
Community
CoH3 Stats
Reddit
Sign in to upload your games and track your stats! →
Sign in with Steam
Match 31102318
Unlisted
Match 31102318
Overview
Messages
Build Orders
End
Kradschützen Motorcycle Team
Selects Italian Infantry
Panzergrenadier Squad
Construct Light Support Kompanie
MG34 Team
Fire Support Elements
Combat Half-tracks
le.IG 18 Mechanized Group
Pak 38 Anti-tank Gun Team
Construct Panzerarmee Kommand
Selects Guastatori Squad
Guastatori Squad
le.IG 18 Mechanized Group
Selects Registered Artillery
Selects Defensive Operations
Flak 36 Anti-tank Gun Team
Armored Reserves
Vehicle Survival Package
Tiger Heavy Tank
Tungsten Core Ammunition
Selects Registered Artillery
Selects Towed Cannone da 105/28 Field Howitzer
Towed Cannone da 105/28 Field Howitzer
Advanced Optics
Freshair
sukit
LEE
niwniwniw
Acer
matrix4x4
fattyboy
china天津饭
0
0
Comments
sign in to comment!
No comments posted yet!